 Dungeon Crawl Stone Soup version 0.31-a0-167-g1c394c0614 (webtiles) character file.

Game seed: 9298527521598921219

195 qw the Chopper (level 5, -5/33 HPs)
             Began as a Gargoyle Fighter on June 14, 2023.
             Slain by an ogre
             ... wielding a +0 giant club
              (15 damage)
             ... on level 4 of the Dungeon.
             The game lasted 00:01:08 (2841 turns).

qw the Chopper (Gargoyle Fighter)                   Turns: 2841, Time: 00:01:09

Health: -5/33      AC: 16    Str: 22    XL:     5   Next: 74%
Magic:  5/5        EV:  8    Int:  8    God:
Gold:   167        SH:  4    Dex:  9    Spells: 4/4 levels left

rFire   . . .        Y - +0 war axe
rCold   . . .        c - +0 buckler
rNeg    + . .        e - +0 chain mail
rPois   inf          l - +2 helmet
rElec   +            (no cloak)
rCorr   .            (no gloves)
SInv    .            (no boots)
Will    +....        (no amulet) Stlth
                     g - ring of willpower
HPRegen 0.25/turn    (no ring)
MPRegen 0.09/turn

%: no passive effects
@: no status effects
A: sickness immunity, AC +4, negative energy resistance 1, electricity
resistance, torment resistance 1, petrification resistance
a: no special abilities


You were on level 4 of the Dungeon.
You visited 1 branch of the dungeon, and saw 4 of its levels.

You collected 167 gold pieces.


Innate Abilities, Weirdness & Mutations

You are immune to sickness and miasma.
Your stone body is resilient. (AC +4)
You are immune to poison.
You resist negative energy. (rN+)
You are resistant to electric shocks. (rElec)
You are resistant to unholy torment.
You are immune to petrification.


   Skills:
 + Level 3.8 Fighting
 - Level 5.0 Axes
 - Level 3.2 Armour
 - Level 3.2 Shields


You had 4 spell levels left.
You didn't know any spells.
Your spell library was empty.

Inventory:

Hand Weapons
 h - a +0 flail
 Y - a +0 war axe (weapon)
Armour
 c - a +0 buckler (worn)
 e - a +0 chain mail (worn)
 l - a +2 helmet (worn)
Jewellery
 g - a ring of willpower (left hand)
Scrolls
 a - 3 scrolls of identify
Potions
 d - 2 potions of might
 f - a potion of resistance
 i - 2 potions of mutation

Dungeon Overview and Level Annotations

Branches:
Dungeon (4/15)
 Temple: D:4-7

Altars:
Makhleb


Message History

Enter note:
Enter note:
Enter note:
Enter note:
Enter note:
Enter note:
Enter note:
Enter note: You hit the jelly.
You kill the jelly!
You start resting.
You feel a little less clever now.
HP restored.
Done exploring.
(D) Dungeon
Where to? (* - list waypoints, Enter - D:4, ? - help)
What level of the Dungeon? (default 1, ? - help)
You climb downwards.
The orc hits you but does no damage.
There is a stone staircase leading up here.
You closely miss the orc. The orc hits you but does no damage.
The orc hits you with a +0 club.
You slash the orc!
You kill the orc!
You start resting.
HP restored.
Items here: %%% )) [.
An ogre comes into view. It is wielding a +0 giant club.
The ogre shouts!
You barely miss the ogre. The ogre hits you with a +0 giant club!
You slash the ogre!
The ogre is moderately wounded.
The ogre hits you with a +0 giant club!
You barely miss the ogre.
The ogre is moderately wounded.
You block the ogre's attack.
You hit the ogre.
The ogre is heavily wounded.
The ogre hits you with a +0 giant club!
You die...

### #<# #)# #.#
#.## #..#
#..####.#
...#.#.......#
#.....@######
........O.....#
....###.####.##
.... #.# ...
#.# .. #.# ..#
...


You could see an ogre.

Vanquished Creatures
  A jelly (D:3)
  An orc priest (D:3)
  A hound (D:4)
  Robin (D:3)
  2 adders
  A dart slug (D:1)
  10 orcs
  4 endoplasms
  3 giant cockroaches
  12 goblins
  6 hobgoblins
  2 kobolds
  2 quokkas
  6 ball pythons
  6 bats
  2 frilled lizards (D:1)
  4 rats
64 creatures vanquished.

Notes
Turn   | Place    | Note
-------+----------+-------------------------------------------
     0 | D:1      | qw the Gargoyle Fighter began the quest for the Orb.
     0 | D:1      | Reached XP level 1. HP: 14/14 MP: 1/1
     0 | D:1      | 0 ||| qw: Version: 0.2-a-29-g1fa15c8
     0 | D:1      | 0 ||| qw: Game counter: 5014
     0 | D:1      | 0 ||| qw: Always use a shield: true
     0 | D:1      | 0 ||| qw: God list: Okawaru
     0 | D:1      | 0 ||| qw: Allow faded altars: false
     0 | D:1      | 0 ||| qw: Do Orc after D:15 true
     0 | D:1      | 0 ||| qw: Do second Lair branch before Depths: true
     0 | D:1      | 0 ||| qw: Lair rune preference: random
     0 | D:1      | 0 ||| qw: Plans: Normal, Zot:1-4, Slime:5, God:TSO, Crypt,
                  | Tomb, Abyss, Pan, Hells, Win
     0 | D:1      | 0 ||| PLANNING D:1-11
    57 | D:1      | Reached skill level 2 in Axes
   169 | D:1      | Reached XP level 2. HP: 14/19 MP: 2/2
   195 | D:1      | 195 ||| Stepping ~*~*~tactically~*~*~ (stealth).
   198 | D:1      | 198 ||| Stepping ~*~*~tactically~*~*~ (stealth).
   679 | D:1      | Reached skill level 3 in Axes
   740 | D:1      | Reached XP level 3. HP: 23/23 MP: 3/3
  1062 | D:1      | 1062 ||| UPGRADING to ring of willpower.
  1063 | D:1      | 1063 ||| DROPPING ring of wizardry.
  1064 | D:1      | 1064 ||| READING 3 scrolls labelled GEAKEI ZEVOBU.
  1065 | D:1      | 1065 ||| READING 2 scrolls of identify.
  1065 | D:1      | 1065 ||| IDENTIFYING blue potion
  1702 | D:2      | Found a faded altar of an unknown god.
  1888 | D:2      | 1888 ||| READING scroll labelled HUTORA NOADIL.
  1893 | D:2      | 1893 ||| READING 2 scrolls labelled SAPADY ZUIWNIU.
  1894 | D:2      | 1894 ||| READING scroll labelled AHEACR GADO.
  1895 | D:2      | 1895 ||| DRINKING 2 bubbling emerald potions.
  1896 | D:2      | 1896 ||| DROPPING scroll of immolation.
  1931 | D:3      | 1931 ||| Stepping ~*~*~tactically~*~*~ (stealth).
  1989 | D:3      | 1989 ||| Stepping ~*~*~tactically~*~*~ (stealth).
  1991 | D:3      | 1991 ||| Stepping ~*~*~tactically~*~*~ (stealth).
  1997 | D:3      | 1997 ||| Stepping ~*~*~tactically~*~*~ (stealth).
  1998 | D:3      | 1998 ||| DROPPING +0 club.
  2002 | D:3      | Reached XP level 4. HP: 28/28 MP: 4/4
  2017 | D:3      | Found a burning altar of Makhleb.
  2209 | D:3      | Reached skill level 4 in Axes
  2227 | D:3      | 2227 ||| Stepping ~*~*~tactically~*~*~ (stealth).
  2228 | D:3      | 2228 ||| Stepping ~*~*~tactically~*~*~ (stealth).
  2241 | D:3      | HP: 5/28 [orc priest/divine providence (13)]
  2458 | D:3      | 2458 ||| Stepping ~*~*~tactically~*~*~ (stealth).
  2472 | D:3      | Reached XP level 5. HP: 32/32 MP: 5/5
  2480 | D:3      | 2480 ||| Stepping ~*~*~tactically~*~*~ (stealth).
  2520 | D:3      | Noticed Robin
  2528 | D:3      | Killed Robin
  2676 | D:3      | 2676 ||| UPGRADING to +0 chain mail.
  2686 | D:3      | 2686 ||| DROPPING +0 scale mail.
  2687 | D:3      | 2687 ||| UPGRADING to +2 helmet.
  2692 | D:3      | 2692 ||| READING 2 scrolls labelled JONTIU JUOS.
  2716 | D:3      | 2716 ||| DRINKING 3 orange potions.
  2717 | D:3      | 2717 ||| DROPPING 2 potions of brilliance.
  2718 | D:3      | 2718 ||| DROPPING scroll of torment.
  2752 | D:4      | Reached skill level 5 in Axes
  2754 | D:4      | 2754 ||| STAIRDANCE
  2837 | D:4      | Noticed an ogre
  2841 | D:4      | Slain by an ogre

Levels and vault maps discovered:
D:1:      dpeg_arrival_central, layout_basic
D:2:      layout_loops_corners, basic_ecumenical_altar
D:3:      layout_rooms, mainiacjoe_overflow_cross_hatched, serial_corexii_hall,
          corexii_hall_statues_l, corexii_hall_statues_i,
          corexii_hall_statues_x, corexii_hall_statues_s,
          corexii_hall_statues_t, chequers_hall_statues_corner_a, uniq_robin
D:4:      layout_basic, zin_purify, chequers_jeans

Skill      XL: |  1  2  3  4  5 |
---------------+----------------+-----
Axes           | 2 3 4 5 |  5.0
Fighting       | |  3.8
Armour         | |  3.2
Shields        | |  3.2

Action                     |  1- 3 |  4- 6 || total
---------------------------+-------+-------++-------
  Melee: War axe           |   103 |    65 ||   168
    Use: Scroll            |     5 |     1 ||     6
         Potion            |     1 |     1 ||     2
 Armour: Scale mail        |    59 |    24 ||    83
         Chain mail        |       |     5 ||     5
  Dodge: Dodged            |    42 |    32 ||    74
  Block: Buckler           |    14 |    13 ||    27

Table legend:
 A = Non-vault XP
 B = Vault XP
 C = Vault XP percentage of total XP
 D = Non-vault monster count
 E = Vault monster count
 F = Vault count percentage of total count
                 A         B        C        D         E       F
            +---------+---------+-------+---------+---------+-------
      Total |     243 |      36 |  12.9 |      52 |      12 |  18.8
            +---------+---------+-------+---------+---------+-------
        D:1 |      36 |       0 |   0.0 |      22 |       0 |   0.0
        D:2 |      30 |       0 |   0.0 |      10 |       0 |   0.0
        D:3 |     130 |      36 |  21.7 |      16 |      12 |  42.9
        D:4 |      47 |       0 |   0.0 |       4 |       0 |   0.0
            +---------+---------+-------+---------+---------+-------
